 Dungeon Crawl Stone Soup version 5.2-4-g6121e92 (webtiles) character file.

16161 tehllama the Charmwright (level 14, -3/86 HPs)
             Began as a Kobold Skald on Nov 26, 2017.
             Was a High Priest of Sif Muna.
             Killed from afar by Azrael (17 damage)
             ... with a fireball
             ... on level 15 of the Dungeon.
             The game lasted 00:31:00 (11627 turns).

tehllama the Charmwright (Kobold Skald)            Turns: 11627, Time: 00:31:00

Health: -3/86      AC: 27 (19%)Str: 16  XL:     14   Next: 70%
Magic:  1/4        EV: 23    Int: 23    God:    Sif Muna [5*[129]]
Gold:   1387       SH: 13    Dex: 16    Spells: 21/53 levels left

rFire    + . .     SeeInvis .   a - +2 hand axe (venom)
rCold    . . .     Faith    .   Q - +0 buckler
rNeg     . . .     Spirit   .   r - +0 troll leather armour
rPois    +         Reflect  +   (helmet restricted)
rElec    .                      k - +1 cloak {Stlth+}
rCorr    .                      U - +1 pair of gloves {Str+3}
MR       +....                  B - +2 pair of boots
Stlth    +++++.....             N - +6 amulet of reflection
Regen    1.4/turn               A - +3 ring of intelligence
MPRegen  0.2/turn               C - ring of the Purple Skies {rPois EV+3 Str+3}

@: very slightly contaminated, regenerating, deflect missiles, invisible,
spectral weapon, icy armour
A: horns 1, fire resistance 1, shaggy fur, evolution
a: End Regeneration, End Ozocubu's Armour, Stop Singing, End Infusion, End
Spectral Weapon, Stop Repelling Missiles, Divine Energy, Channel Magic, Forget
Spell, Renounce Religion


You were on level 15 of the Dungeon.
You worshipped Sif Muna.
Sif Muna was extremely pleased with you.
You were not hungry.

You visited 1 branch of the dungeon, and saw 15 of its levels.
You also visited: Ice Cave.

You collected 1387 gold pieces.

Inventory:

Hand Weapons
 a - a +2 hand axe of venom (weapon)
 b - a +5 shortbow of flaming
 J - a +0 war axe
 M - a +1 war axe
 P - a +0 broad axe
 X - a +0 broad axe
Missiles
 n - 2038 arrows
 D - 187 tomahawks (quivered)
Armour
 k - a +1 cloak of stealth (worn)
 o - a +1 helmet
 r - a +0 troll leather armour (worn)
 B - a +2 pair of boots (worn)
 E - a +0 shield
 Q - a +0 buckler (worn)
 U - a +1 pair of gloves of strength (worn)
 W - the +1 ring mail "Taoch" {rN+ Str+5 Dex-5}
   (You found it in an ice cave)

   It affects your strength (+5).
   It affects your dexterity (-5).
   It protects you from negative energy.
Jewellery
 d - an uncursed ring of protection from magic
 j - an uncursed ring of positive energy
 m - an uncursed ring of ice
 A - a +3 ring of intelligence (left hand)
 C - the ring of the Purple Skies (right hand) {rPois EV+3 Str+3}
   (You found it on level 7 of the Dungeon)

   [ring of evasion]

   It affects your evasion (+3).
   It affects your strength (+3).
   It protects you from poison.
 F - a +3 ring of intelligence
 L - an uncursed ring of protection from magic
 N - a +6 amulet of reflection (around neck)
 R - an uncursed amulet of magic regeneration
 T - an uncursed ring of resist corrosion
Wands
 f - a wand of digging (11)
 s - a wand of enslavement (9)
 t - a wand of disintegration (6)
 G - a wand of lightning (3)
 K - a wand of iceblast (5)
Scrolls
 e - a scroll of fog
 p - 9 scrolls of teleportation
 q - 2 scrolls of magic mapping
 u - 3 scrolls of enchant armour
 y - 2 scrolls of fear
 z - a scroll of enchant weapon
 O - 2 scrolls of amnesia
 S - a scroll of silence
Potions
 c - 3 potions of cancellation
 g - 2 potions of resistance
 h - 2 potions of augmentation
 i - 11 potions of curing
 l - a potion of invisibility
 v - a potion of magic
 x - a potion of mutation
 I - 3 potions of lignification
Miscellaneous
 V - a fan of gales


   Skills:
 + Level 9.1 Fighting
 + Level 6.5 Blades
 + Level 9.1 Axes
 + Level 6.5(8.0) Maces & Staves
 + Level 6.5(8.0) Polearms
 + Level 6.5 Bows
 + Level 6.5 Crossbows
 + Level 6.5 Throwing
 + Level 7.8 Armour
 + Level 7.8 Dodging
 + Level 6.5 Stealth
 + Level 6.5 Shields
 + Level 6.5 Unarmed Combat
 + Level 9.5(11.2) Spellcasting
 + Level 6.5(8.2) Hexes
 + Level 10.5(12.2) Charms
 + Level 6.5(8.2) Summonings
 + Level 6.5(8.2) Necromancy
 + Level 6.5(8.2) Translocations
 + Level 6.5(8.2) Transmutations
 + Level 6.5(8.2) Fire Magic
 + Level 6.5(8.2) Ice Magic
 + Level 6.5(8.2) Air Magic
 + Level 6.5(8.2) Earth Magic
 + Level 6.5 Invocations
 + Level 6.5 Evocations


You had 21 spell levels left.
You knew the following spells:

 Your Spells              Type           Power        Failure   Level  Hunger
a - Infusion              Chrm           25 (25)      1%          1    N/A
b - Song of Slaying       Chrm           62 (100)     1%          2    N/A
c - Regeneration          Chrm/Necr      57 (200)     1%          3    N/A
d - Ozocubu's Armour      Chrm/Ice       57 (100)     1%          4    N/A
e - Spectral Weapon       Chrm/Summ      57 (100)     2%          5    N/A
f - Deflect Missiles      Chrm/Air       57 (200)     13%         6    N/A
g - Summon Lightning Spi  Summ/Air       50 (100)     1%          4    N/A
h - Ring of Flames        Chrm/Fire      57 (200)     56%         7    N/A

Dungeon Overview and Level Annotations

Branches:
Dungeon (15/15)               Orc (0/2) D:15
 Vaults: D:15

Altars:
Cheibriados
Dithmenos
Elyvilon
Gozag
Hepliaklqana
Jiyva
Kikubaaqudgha
Makhleb
Okawaru
Qazlal
Ru
Sif Muna
Trog
Uskayaw
Vehumet
Xom
Yredelemnul
Zin
The Shining One

Shops:
D:15 *

Annotations:
D:9 exclusion: ice statue
D:15 Azrael


Innate Abilities, Weirdness & Mutations

You are small and have problems with some larger weapons.
You evolve.
You have a pair of small horns on your head.
Your flesh is heat resistant. (rF+)
You are covered in thick fur. (AC +4)


Message History

The sphere of damnation explodes!
The damnation engulfs the fire elemental (33).
The fire elemental is destroyed!
The damnation engulfs your spectral weapon (31).
Your spectral weapon fades away.
The damnation engulfs Azrael (0).
Azrael completely resists.
The damnation engulfs you!
That hurt (46)!
Ouch! That really hurt!
You are too injured to fight recklessly!
Azrael gestures at you.
The sphere of damnation explodes!
The damnation engulfs you!
That hurt (28)!
* * * LOW HITPOINT WARNING * * *
The damnation engulfs Azrael (0).
Azrael completely resists.
That item cannot be evoked!
You fade into invisibility!
Azrael misses you.
You are very lightly contaminated with residual magic.
Azrael gestures at something.
The fireball explodes!
The fireball engulfs you! You resist.
That hurt (17)!
You die...

####..........#
##..#
..............#
####..##
....##....(...#
#....## ....
########## ##.####
... ###..#
####...## #....###
..#######.########
#......@..........
.########R#)......
#E#.......
#§E§#.......
.§§.###......(
E.§§.# ##...##
.###. ...# # ...#


You could see Azrael.

Vanquished Creatures
  A frost giant (IceCv)
  A hydra (D:13)
  2 centaur warriors
  A death yak (IceCv)
  3 two-headed ogres
  An orc high priest (D:11)
  Sonja (D:14)
  Urug (D:15)
  8 skeletal warriors (D:14)
  4 unseen horrors
  A necromancer (D:12)
  2 deep elf magi
  12 ugly things
  An oklob plant (D:13)
  A manticore (D:15)
  A black mamba (D:13)
  2 spiny frogs (D:13)
  2 torpor snails
  Psyche (D:9)
  2 gargoyles
  An ice statue (IceCv)
  An efreet (D:13)
  5 rime drakes
  A tengu conjurer (D:15)
  12 polar bears (IceCv)
  5 trolls
  A troll (shapeshifter) (D:13)
  A wind drake (shapeshifter) (D:14)
  8 slime creatures (D:12)
  Sigmund (D:5)
  5 wyverns
  A shadow (D:12)
  3 vampires
  20 yaks
  A black mamba skeleton (D:11)
  A wraith (D:14)
  A fire elemental (D:15)
  A steam dragon (D:11)
  4 angry ghosts
  2 wargs (D:11)
  4 acid dragons
  A hell hound (D:15)
  A spiny frog zombie (D:8)
  A water moccasin (D:8)
  4 orc warriors
  2 ice beasts
  2 wasps
  2 blink frog zombies
  A phantom (D:6)
  11 wolves (IceCv)
  3 ogres
  10 centaurs
  A rime drake zombie (D:11)
  Blork the orc (D:6)
  6 bullfrogs
  A gnoll sergeant (D:7)
  2 wyvern zombies (D:12)
  A water moccasin zombie (D:5)
  2 wyvern skeletons (D:12)
  A scorpion (D:5)
  10 killer bees
  14 wights
  5 crimson imps
  3 howler monkeys
  3 centaur zombies
  2 wasp zombies
  A quasit (D:5)
  A bullfrog skeleton (D:6)
  6 hounds
  4 jellies
  7 orc priests
  2 centaur skeletons
  12 orc wizards
  A yak simulacrum (D:12)
  6 worker ants
  3 polar bear simulacra (D:12)
  3 iguanas
  3 wolf simulacra (D:12)
  A hound zombie (D:5)
  A hound skeleton (D:3)
  7 adders
  5 gnolls (D:7)
  3 shadow imps
  12 white imps (D:14)
  An ooze (D:1)
  An adder skeleton (D:4)
  4 dart slugs (D:1)
  4 iguana simulacra (D:12)
  37 orcs
  9 quokkas
  9 bats
  5 giant cockroaches
  9 hobgoblins
  6 jackals
  7 kobolds
  4 frilled lizards
  7 goblins
  A rat (D:1)
  2 fungi (D:13)
  A plant (D:13)
402 creatures vanquished.

Vanquished Creatures (collateral kills)
  A centaur (D:11)
1 creature vanquished.

Vanquished Creatures (others)
  A polar bear (IceCv)
  A fire elemental (D:15)
  A centaur (D:12)
  17 spectral weapons
20 creatures vanquished.

Grand Total: 423 creatures vanquished

Notes
Turn   | Place    | Note
-------+----------+-------------------------------------------
     0 | D:1      | tehllama the Kobold Skald began the quest for the Orb.
     0 | D:1      | Reached XP level 1. HP: 13/13 MP: 4/4
    71 | D:1      | Gained mutation: You evolve. [Kobold growth]
    71 | D:1      | Reached XP level 2. HP: 17/19 MP: 0/5
   105 | D:1      | Learned a level 2 spell: Song of Slaying
   167 | D:1      | Reached XP level 3. HP: 24/24 MP: 0/5
   172 | D:1      | Learned a level 3 spell: Regeneration
   600 | D:2      | Found a faded altar of an unknown god.
   704 | D:2      | Reached XP level 4. HP: 26/29 MP: 0/3
   987 | D:2      | Learned a level 4 spell: Ozocubu's Armour
  1390 | D:3      | Reached XP level 5. HP: 21/34 MP: 3/5
  1865 | D:3      | Found a shimmering altar of Xom.
  2233 | D:4      | Found a viscous altar of Jiyva.
  2365 | D:4      | Reached XP level 6. HP: 40/40 MP: 6/8
  2383 | D:4      | Learned a level 5 spell: Spectral Weapon
  2397 | D:4      | Found a stormy altar of Qazlal.
  2623 | D:4      | Found an opulent altar of Gozag.
  2623 | D:4      | Found a sacrificial altar of Ru.
  2845 | D:5      | Entered Level 5 of the Dungeon
  2845 | D:5      | Found an ancient bone altar of Kikubaaqudgha.
  2944 | D:5      | Found a radiant altar of Vehumet.
  3037 | D:5      | Reached XP level 7. HP: 45/45 MP: 0/3
  3039 | D:5      | Found an iron altar of Okawaru.
  3046 | D:5      | Noticed Sigmund
  3060 | D:5      | Killed Sigmund
  3161 | D:5      | Reached XP level 8. HP: 51/51 MP: 0/5
  3241 | D:5      | Found a white marble altar of Elyvilon.
  3650 | D:6      | Noticed a wyvern
  3670 | D:6      | Killed a wyvern
  3744 | D:6      | Noticed Blork the orc
  3753 | D:6      | Killed Blork the orc
  3753 | D:6      | Reached XP level 9. HP: 41/56 MP: 8/8
  3764 | D:6      | Found a deep blue altar of Sif Muna.
  3773 | D:6      | Became a worshipper of Sif Muna the Loreminder
  4437 | D:7      | Got the ring of the Purple Skies {rPois EV+3 Str+3}
  4710 | D:7      | Found a hazy altar of Hepliaklqana.
  4713 | D:7      | Found a burning altar of Makhleb.
  4714 | D:7      | Found a bloodstained altar of Trog.
  4714 | D:7      | Found a glowing silver altar of Zin.
  4716 | D:7      | Found a glowing golden altar of the Shining One.
  4716 | D:7      | Found a hide-covered altar of Uskayaw.
  4716 | D:7      | Found a basalt altar of Yredelemnul.
  4718 | D:7      | Found a snail-covered altar of Cheibriados.
  4718 | D:7      | Found a shadowy altar of Dithmenos.
  4742 | D:7      | Reached XP level 10. HP: 63/63 MP: 0/3
  4899 | D:7      | Reached * piety under Sif Muna
  4923 | D:7      | Gained mutation: You are covered in thick fur. (AC +4) [evolution]
  5752 | D:9      | Noticed an ice statue
  5810 | D:9      | Reached ** piety under Sif Muna
  5837 | D:9      | Noticed Psyche
  5847 | D:9      | Killed Psyche
  5926 | D:9      | Reached XP level 11. HP: 68/68 MP: 3/6
  6183 | D:10     | Entered Level 10 of the Dungeon
  6250 | D:10     | Noticed a two-headed ogre
  6259 | D:10     | Killed a two-headed ogre
  7034 | D:11     | Noticed an orc high priest
  7048 | D:11     | Killed an orc high priest
  7092 | D:11     | Reached *** piety under Sif Muna
  7181 | D:11     | Noticed a two-headed ogre
  7196 | D:11     | Killed a two-headed ogre
  7220 | D:11     | Gained mutation: You have a pair of small horns on your head. [evolution]
  7249 | D:11     | Noticed a brown ugly thing
  7265 | D:11     | Killed a brown ugly thing
  7435 | D:11     | Noticed a white ugly thing
  7447 | D:11     | Killed a white ugly thing
  7507 | D:11     | Noticed a deep elf mage
  7513 | D:11     | Killed a deep elf mage
  7513 | D:11     | Reached XP level 12. HP: 73/73 MP: 4/9
  8186 | D:12     | Killed an unseen horror
  8445 | D:12     | Killed an unseen horror
  8482 | D:12     | Gained mutation: You are clumsy. (Dex -5) [evolution]
  8606 | D:12     | Reached **** piety under Sif Muna
  8614 | D:12     | Noticed a centaur warrior
  8623 | D:12     | Killed a centaur warrior
  8705 | D:13     | Noticed an eight-headed hydra
  8718 | D:13     | Killed an eight-headed hydra
  8718 | D:13     | Reached XP level 13. HP: 70/79 MP: 7/11
  8851 | D:13     | Noticed a centaur warrior
  8875 | D:13     | Killed a centaur warrior
  9140 | D:13     | Learned a level 6 spell: Deflect Missiles
  9146 | D:13     | Learned a level 4 spell: Summon Lightning Spire
  9633 | D:13     | Gained mutation: Your flesh is heat resistant. (rF+) [evolution]
 10049 | D:14     | Reached ***** piety under Sif Muna
 10049 | D:14     | Noticed Sonja
 10054 | D:14     | Killed Sonja
 10256 | D:14     | Found a frozen archway.
 10298 | IceCv    | Entered an ice cave
 10414 | IceCv    | Got the +1 ring mail "Taoch" {rN+ Str+5 Dex-5}
 10513 | IceCv    | Reached XP level 14. HP: 86/86 MP: 0/4
 10594 | IceCv    | Noticed a frost giant
 10633 | IceCv    | Killed a frost giant
 11312 | D:14     | Lost mutation: You are clumsy. (Dex -5) [evolution]
 11427 | D:15     | Entered Level 15 of the Dungeon
 11486 | D:15     | Found a snail-covered altar of Cheibriados.
 11489 | D:15     | Found a staircase to the Orcish Mines.
 11491 | D:15     | Found Rauphu Hyde's Assorted Antiques.
 11556 | D:15     | Learned a level 7 spell: Ring of Flames
 11592 | D:15     | Noticed Urug
 11594 | D:15     | Noticed Azrael
 11621 | D:15     | Killed Urug
 11627 | D:15     | Killed from afar by Azrael

Action                   |  1- 3 |  4- 6 |  7- 9 | 10-12 | 13-15 || total
-------------------------+-------+-------+-------+-------+-------++-------
Melee: Hand axe          |    75 |   151 |   302 |   420 |   522 ||  1470
       Punch             |       |     1 |     6 |    14 |       ||    21
       Headbutt          |       |       |       |    52 |   115 ||   167
Throw: Stone             |       |       |     5 |       |       ||     5
 Cast: Infusion          |     1 |       |       |       |       ||     1
       Song of Slaying   |     1 |       |       |       |       ||     1
       Regeneration      |     1 |       |       |       |       ||     1
       Ozocubu's Armour  |       |     1 |       |       |       ||     1
       Spectral Weapon   |       |       |     1 |       |       ||     1
       Deflect Missiles  |       |       |       |       |     1 ||     1
Evoke: Wand              |       |       |       |       |    15 ||    15
       Fan of gales      |       |       |       |       |     1 ||     1
  Use: Potion            |       |       |     2 |     4 |    15 ||    21
 Stab: Sleeping          |     2 |    13 |    13 |    19 |     8 ||    55
       Distracted        |       |       |     3 |     2 |     5 ||    10
Armor: Leather armour    |    19 |    82 |    71 |   137 |   130 ||   439
       Troll leather arm |       |       |       |       |     7 ||     7
Dodge: Dodged            |    78 |   151 |   249 |   336 |   308 ||  1122
       Deflected         |       |       |       |       |    14 ||    14
Block: Other             |       |       |       |    25 |       ||    25
       Buckler           |       |       |       |     6 |   288 ||   294
       Reflection        |       |       |       |     3 |    13 ||    16
